 Dungeon Crawl Stone Soup version 0.29-a0-8-g0446c0dae4 (webtiles) character file.

Game seed: 7471986383941160958

221 a3don the Grave Robber (level 5, -1/36 HPs)
             Began as a Demonspawn Necromancer on Jan 27, 2022.
             Killed from afar by Pikel (8 damage)
             ... with a puff of flame
             ... on level 4 of the Dungeon.
             The game lasted 00:08:41 (4561 turns).

a3don the Grave Robber (Demonspawn Necromancer)     Turns: 4561, Time: 00:08:42

Health: -1/36      AC:  2    Str: 13    XL:     5   Next: 65%
Magic:  0/10       EV: 14    Int: 18    God:
Gold:   182        SH:  0    Dex: 13    Spells: 6/11 levels left

rFire   . . .      SeeInvis .   v - +1 trident (venom)
rCold   . . .      Faith    .   (no shield)
rNeg    . . .      Spirit   +   i - +0 robe
rPois   .          Reflect  .   (no helmet)
rElec   .          Harm     .   (no cloak)
rCorr   .          Rampage  .   (no gloves)
Will    .....                   (no boots)
Stlth   ++........              p - amulet "Uwaarud" {Spirit Str+4}
HPRegen 0.12/turn               (no ring)
MPRegen 0.24/turn               (no ring)

@: no status effects
A: repulsion field 1, magic regeneration, weakness stinger 1
a: no special abilities


You were on level 4 of the Dungeon.
You visited 1 branch of the dungeon, and saw 4 of its levels.

You collected 182 gold pieces.

Inventory:

Hand Weapons
 a - a +2 dagger of venom
 b - a +0 hunting sling
 v - a +1 trident of venom (weapon)
Missiles
 c - 113 stones
 d - 13 poisoned darts (quivered)
 f - 67 sling bullets
Armour
 i - a +0 robe (worn)
Jewellery
 p - the amulet "Uwaarud" (around neck) {Spirit Str+4}
   (You found it on level 3 of the Dungeon)

   [amulet of guardian spirit]

   It causes incoming damage to be divided between your reserves of health and
   magic.
   Str:       It affects your strength (+4).
Wands
 w - a wand of charming (9)
Scrolls
 h - a scroll of vulnerability {unknown}
 j - a scroll of holy word {unknown}
 k - 2 scrolls of teleportation {unknown}
 l - a scroll of brand weapon {unknown}
 m - 3 scrolls of identify {unknown}
 o - a scroll of enchant weapon {unknown}
 s - a scroll of blinking {unknown}
 t - a scroll of fear {unknown}
 u - 3 scrolls of torment {unknown}
Potions
 e - 2 potions of haste {unknown}
 g - a potion of berserk rage {unknown}
 n - a potion of mutation {unknown}
 q - a potion of curing {unknown}
 r - a potion of might {unknown}


   Skills:
 + Level 0.8 Fighting
 + Level 0.8 Polearms
 - Level 1.9 Dodging
 - Level 2.0 Stealth
 + Level 3.8 Spellcasting
 + Level 6.0 Necromancy


You had 6 spell levels left.
You knew the following spells:

 Your Spells              Type           Power      Damage    Failure   Level
a - Pain                  Necr           100%       1d9       1%          1
b - Animate Skeleton      Necr           50%        N/A       1%          1
c - Vampiric Draining     Necr           25%        2d7       3%          3

Your spell library contained the following spells:

 Spells                   Type           Power      Damage    Failure   Level
 Animate Dead             Necr           12%        N/A       12%         4
 Agony                    Necr           25%        N/A       34%         5


Dungeon Overview and Level Annotations

Branches:
Dungeon (4/15)
 Temple: D:4-7

Altars:
Okawaru
Uskayaw

Shops:
D:1 !

Annotations:
D:4 Pikel


Innate Abilities, Weirdness & Mutations

You are surrounded by a mild repulsion field. (EV +2)
You regenerate magic rapidly.
You have a small tail.


Message History

Pikel hits you with a +1 whip of flaming.
Pikel burns you.
Casting: Vampiric Draining (dangerous; 3% risk of failure)
Confirm with . or Enter, or press ? or * to list all spells.
You don't have enough magic to cast this spell.
Aiming: Charm
Press: ? - help, Shift-Dir - straight line, f/p - Pikel
Aim: Pikel, wielding a +1 whip of flaming, wearing a +0 robe and carrying a wand of flame (9) (heavily wounded, poisoned, chance to affect: 49%) Pikel resists with some effort.
Pikel hits you with a +1 whip of flaming.
Pikel burns you.
Aiming: Charm
Press: ? - help, Shift-Dir - straight line, f/p - Pikel
Aim: Pikel, wielding a +1 whip of flaming, wearing a +0 robe and carrying a wand of flame (9) (heavily wounded, poisoned, chance to affect: 49%) Pikel is charmed.
With Pikel's spell broken, his former minions thank you for their freedom.
The lemure departs this earthly plane. x3
Pikel looks more healthy.
There is an open door here.
You start resting.
Pikel is no longer charmed.
Pikel says, "I touched Geryon's horn once."
Pikel hits you with a +1 whip of flaming!
Pikel burns you.
* * * LOW HITPOINT WARNING * * *
Casting: Vampiric Draining (dangerous; 3% risk of failure)
Confirm with . or Enter, or press ? or * to list all spells.
You don't know that spell.
Casting: Vampiric Draining (dangerous; 3% risk of failure)
Confirm with . or Enter, or press ? or * to list all spells.
Aiming: Vampiric Draining (dangerous; 3% risk of failure)
Press: ? - help, Shift-Dir - straight line, f/p - Pikel
Aim: Pikel, wielding a +1 whip of flaming, wearing a +0 robe and carrying a wand of flame (9) (heavily wounded)
You draw life force from Pikel!
You feel life coursing into your body.
Pikel hits you with a +1 whip of flaming!
* * * LOW HITPOINT WARNING * * *
Pikel burns you.
Okay, then.
Pikel zaps a wand.
The puff of flame hits you!
You die...

## ########## .###### #........#
.#....# #........# .'....#
#........# .###### #........#
#.....# #........# '.....#
########........# #.....#
#...............####### #.....#
#.....@.######......... ##....#
#.......'....#.........
.#....#####....K..#....#.........
.#.........####'###....#.........
.#.........'...........#.........
##.........#...........#.......†.
...........#.....##..###.........
...........##'#### .############
..####.....#.)§..# .#..........


You could see Pikel.

Vanquished Creatures
  2 hounds
  An iguana (D:4)
  5 adders
  2 adder skeletons (D:4)
  2 worms
  A dart slug (D:4)
  3 orcs (D:4)
  8 ball pythons
  2 endoplasms
  3 giant cockroaches
  7 goblins
  3 hobgoblins
  6 jackals
  9 kobolds
  4 quokkas
  6 bats
  A frilled lizard (D:2)
  5 rats
70 creatures vanquished.

Vanquished Creatures (collateral kills)
  2 orcs (D:4)
  An endoplasm (D:4)
3 creatures vanquished.

Grand Total: 73 creatures vanquished

Notes
Turn   | Place    | Note
-------+----------+-------------------------------------------
     0 | D:1      | a3don the Demonspawn Necromancer began the quest for the
                  | Orb.
     0 | D:1      | Reached XP level 1. HP: 13/13 MP: 3/3
   388 | D:1      | Gained mutation: You are surrounded by a mild repulsion
                  | field. (EV +2) [demonic ancestry]
   388 | D:1      | Reached XP level 2. HP: 11/19 MP: 3/5
   886 | D:1      | Found Wuuff's Distillery.
  1469 | D:1      | Learned a level 1 spell: Animate Skeleton
  1572 | D:2      | Gained mutation: You have a small tail. [demonic ancestry]
  1572 | D:2      | Reached XP level 3. HP: 21/24 MP: 4/7
  1628 | D:2      | Reached skill level 5 in Necromancy
  1748 | D:2      | Learned a level 3 spell: Vampiric Draining
  2230 | D:2      | Gained mutation: You regenerate magic rapidly. [demonic
                  | ancestry]
  2230 | D:2      | Reached XP level 4. HP: 9/30 MP: 1/8
  3221 | D:3      | Identified the amulet "Uwaarud" {Spirit Str+4}
  3303 | D:3      | Found an iron altar of Okawaru.
  3304 | D:3      | Found a hide-covered altar of Uskayaw.
  3579 | D:3      | Found a faded altar of an unknown god.
  3690 | D:4      | Reached XP level 5. HP: 20/35 MP: 4/10
  4354 | D:4      | Reached skill level 6 in Necromancy
  4487 | D:4      | Noticed a lemure
  4487 | D:4      | Noticed a lemure
  4488 | D:4      | Noticed Pikel
  4490 | D:4      | Noticed a lemure
  4561 | D:4      | Killed from afar by Pikel

Illustrated notes

Levels and vault maps discovered:
D:1:      ncdulo_wetmaze, layout_loops_ring, serial_shops,
          nicolae_lakefront_shop
D:2:      layout_loops_corners, kennysheep_generic_room_7
D:3:      layout_basic, chequers_temple_overflow_statue_of_worship,
          hellmonk_ecumenical_altar_dog_temple
D:4:      layout_gridville, minivault_1, uniq_pikel

Skill      XL: |  1  2  3  4  5 |
---------------+----------------+-----
Stealth        | 2 |  2.0
Necromancy     | 5 6 |  6.0
Spellcasting   | 3 |  3.8
Fighting       | |  0.8
Polearms       | |  0.8
Dodging        | |  1.9

Action                   |  1- 3 |  4- 6 || total
-------------------------+-------+-------++-------
Melee: Club              |     7 |       ||     7
       Dagger            |    32 |    40 ||    72
       Tailslap          |     3 |    10 ||    13
       Punch             |       |     1 ||     1
       Trident           |       |    37 ||    37
 Fire: Hunting sling     |       |     3 ||     3
Throw: Dart              |       |     1 ||     1
 Cast: Pain              |    36 |    18 ||    54
       Vampiric Draining |     2 |     5 ||     7
       Animate Skeleton  |     1 |     5 ||     6
Evoke: Wand              |       |     2 ||     2
 Stab: Sleeping          |       |     1 ||     1
Armor: Robe              |     5 |     6 ||    11
Dodge: Dodged            |    33 |    50 ||    83

Table legend: (Time is in decaauts)
 A = Elapsed time spent in this place.
 B = Non-inter-level travel time spent in this place.
 C = Inter-level travel time spent in this place.
 D = Time resting spent in this place.
 E = Time spent auto-exploring this place.
 F = Levels seen in this place.
 G = Mean time per level.
                   A        B        C        D        E       F      G
               +--------+--------+--------+--------+--------+-----+--------+
         Total |   4576 |   4507 |     69 |   1324 |   2540 |   4 | 1144.0 |
       Dungeon |   4576 |   4507 |     69 |   1324 |   2540 |   4 | 1144.0 |
               +--------+--------+--------+--------+--------+-----+--------+

Top non-repeatable levels by time:
     D:2: 1649 daAuts
     D:1: 1562 daAuts
     D:4: 886 daAuts
     D:3: 477 daAuts
